AoeStats
← LivreChene790

Arabia

506878787Analyzed
1v1 RM · 17d ago on Sep 15, 2026· 31m 35s· 2 players
Game mode
Random Map
Map size
Tiny (2 player)
Population
200
Speed
Normal
Resources
Standard
Victory
Conquest
Starting age
Dark Age
Ending age
Imperial Age
RankedLock teamsTeams togetherTeam positionsShared explorationLock speedFull tech treeHidden civsTurbo modeCheats
Victory
Defeat
🇫🇷 Mongols · France
939
+14
🇦🇪 Malians · United Arab Emirates
894
-14
PEZKDOOR
10:30 Feudal Age
9:47 Loom
14:42 Man-at-Arms
25:10 Castle Age
LivreChene790
10:17 Feudal Age
11:38 Double-Bit Axe
24:52 Castle Age
23:59 Horse Collar
25:01 Forging
25:05 Bloodlines
24:34 Man-at-Arms
25:56 Bloodlines
26:17 Crossbowman
30:05 Heavy Plow
31:51 Scale Mail Armor
32:00 Scale Barding Armor
Connection lost

Rejoining the realm…

Still unreachable

The connection could not be restored.

Session expired

The server has moved on; the page needs a fresh start.